 Dungeon Crawl Stone Soup version 0.19.1-1-g22dce08 (webtiles) character file.

5056 esteth the Carver (level 10, -3/74 HPs)
             Began as a Minotaur Gladiator on Jan 3, 2017.
             Was a Believer of Ashenzari.
             Slain by a vampire (6 damage)
             ... on level 9 of the Dungeon.
             The game lasted 00:25:21 (9955 turns).

esteth the Carver (Minotaur Gladiator)              Turns: 9955, Time: 00:25:23

Health: -3/74      AC:  5    Str: 25    XL:     10   Next: 31%
Magic:  18/18      EV: 17    Int:  5    God:    Ashenzari [**....]
Gold:   375        SH:  0    Dex: 14    Spells: 0 memorised, 9 levels left

rFire  . . .     SeeInvis +     J - +8 spear "Jellybane" {vamp, MR+ SInv} (curse)
rCold  . . .     Gourm    .     P - +1 leather armour "Lugofe" {MP+9 SInv} (curse)
rNeg   . . .     Faith    .     (no shield)
rPois  .         Spirit   .     c - +0 hat
rElec  .         Reflect  .     o - +0 cloak (curse)
rCorr  .         Harm     .     (no gloves)
MR     +....                    (no boots)
Stlth  +++.......               K - amulet of regeneration (curse)
                                G - ring of stealth
                                g - ring of stealth

@: mighty, drained
A: retaliatory headbutt, horns 2
a: Curse Item, Scrying, Renounce Religion


You were on level 9 of the Dungeon.
You worshipped Ashenzari.
Ashenzari was pleased with you.
You were not hungry.

You visited 1 branch of the dungeon, and saw 9 of its levels.

You collected 375 gold pieces.

Inventory:

Hand Weapons
 v - a +2 falchion of electrocution
 J - the cursed +8 spear "Jellybane" (weapon) {vamp, MR+ SInv}
   (You found it on level 7 of the Dungeon)

   It inflicts no extra harm, but heals its wielder when it wounds a living foe.
   It affects your resistance to hostile enchantments.
   It lets you see invisible.
   It has a curse placed upon it.
Missiles
 d - 3 throwing nets
 t - 16 tomahawks (quivered)
Armour
 c - a +0 hat (worn)
 o - a cursed +0 cloak (worn)
 P - the cursed +1 leather armour "Lugofe" (worn) {MP+9 SInv}
   (You found it on level 8 of the Dungeon)

   It affects your magic capacity (+9).
   It lets you see invisible.
   It has a curse placed upon it.
Rods
 O - a +0 rod of clouds (11/11)
   (You found it on level 8 of the Dungeon)
Jewellery
 g - a ring of stealth (left hand)
 l - an uncursed ring of protection from cold
 B - an uncursed ring of poison resistance
 G - a ring of stealth (right hand)
 H - an uncursed ring of positive energy
 K - a cursed amulet of regeneration (around neck)
Wands
 x - a wand of flame (21/48)
 C - a wand of confusion (16/48)
 D - a wand of iceblast (7/15)
 F - a wand of acid (9/15)
 L - a wand of random effects (21/48)
 N - a wand of lightning (4/15)
 U - a wand of confusion (26/48)
Scrolls
 i - 2 scrolls of fear
 j - 4 scrolls of identify
 u - a scroll of recharging
 y - 2 scrolls of blinking
 M - 5 scrolls of teleportation
 W - 2 scrolls of remove curse
Potions
 e - a potion of ambrosia
 n - 5 potions of curing {unknown}
 r - a potion of haste {unknown}
 s - 2 potions of cancellation {unknown}
 w - 3 potions of magic {unknown}
 A - a potion of brilliance {unknown}
 I - a potion of degeneration {unknown}
 Q - a potion of berserk rage {unknown}
 T - a potion of lignification {unknown}
Books
 m - the Papyrus of Freezing Shape Shifting
   (You found it on level 5 of the Dungeon)

   Spells                             Type                      Level
   a - Freeze                         Ice                          1
   b - Ignite Poison                  Fire/Transmutation/Poison    3
   c - Summon Ice Beast               Ice/Summoning                4
Comestibles
 f - 5 bread rations
 k - 4 meat rations
 q - 2 slices of pizza


   Skills:
 - Level 2.4(2.3) Fighting
 - Level 10.7 Long Blades
 * Level 10.2(12.3) Polearms
 - Level 5.1(5.0) Throwing
 - Level 9.3 Dodging


You had 9 spell levels left.
You didn't know any spells.

Dungeon Overview and Level Annotations

Branches:
Dungeon (9/15)             Temple (0/1) D:4
   Lair: D:8-11         Orc: D:9-12

Altars:
Ashenzari
Elyvilon
Nemelex Xobeh
Sif Muna
Trog
Xom

Shops:
D:5 [

Annotations:
D:3 exclusion: downstairs


Innate Abilities, Weirdness & Mutations

You reflexively headbutt those who attack you in melee.
You have a pair of horns on your head.


Message History

The vampire hits you. The vampire bites you!
The vampire draws strength from your injuries!
You hit the vampire.
The vampire is heavily damaged.
You hit the vampire. Your headbutt misses the vampire.
The vampire is severely damaged.
The vampire is infused with unholy energy.
* * * LOW HITPOINT WARNING * * *
The vampire draws life force from you and is healed!
You are too injured to fight recklessly!
You feel very mighty all of a sudden. The vampire completely misses you.
The vampire bites you!
* * * LOW HITPOINT WARNING * * *
The vampire draws strength from your injuries!
You puncture the vampire!
The vampire is heavily damaged.
You hit the vampire but do no damage.
The vampire is heavily damaged.
The vampire hits you.
You die...

#.............................
#..........##.###........##...
#..............#.........##..(
#..........##.##.........##..)
#...†......##.##.........##..)
###..#..##.##.##.........##..)
####..#.........(..............
#.....#......#V##..............
#.###.........@##.#....<.......
#.###.#......#.##.##.#.##.#..#.
#....................#.##.#....
###.......#<...#######.#.....#.
#.......#....#######.........
#...>...#....................
#.......#............##...###
###.......###..................
#.).....^.#............####....


You could see a vampire.

Vanquished Creatures
  The ghost of SeriousVitamin the Transmogrifier, a novice NaTm (D:6)
  A centaur zombie (D:7)
  A troll (D:8)
  Prince Ribbit (D:5)
  A hungry ghost (D:8)
  Edmund (D:6)
  Menkaure (D:6)
  A water moccasin (D:7)
  2 orc warriors (D:6)
  2 ice beasts
  2 sky beasts
  4 ogres
  A phantom (D:9)
  2 centaurs
  A crocodile (D:9)
  3 big kobolds
  A bullfrog (D:6)
  A gnoll sergeant (D:6)
  A water moccasin zombie (D:5)
  A wyvern skeleton (D:6)
  7 howler monkeys
  3 wights (D:9)
  A crimson imp (D:6)
  2 bullfrog zombies
  5 orc priests
  A quasit (D:6)
  A bullfrog skeleton (D:8)
  2 jellies
  9 hounds
  3 iguanas
  3 orc wizards
  10 worker ants
  A hound zombie (D:5)
  A hound skeleton (D:9)
  6 gnolls
  9 adders
  3 shadow imps
  3 adder skeletons
  3 worms
  4 dart slugs
  5 leopard geckos
  26 orcs
  8 bats
  6 giant cockroaches
  10 goblins
  7 hobgoblins
  5 jackals
  2 quokkas
  6 frilled lizards
  A jackal zombie (D:7)
  19 kobolds
  2 leopard gecko skeletons
  A leopard gecko zombie (D:7)
  3 quokka skeletons
  12 rats
219 creatures vanquished.

Vanquished Creatures (others)
  An ogre (D:9)
  2 worker ants (D:9)
  An adder (D:9)
  An orc (D:9)
  2 plants (D:3)
7 creatures vanquished.

Grand Total: 226 creatures vanquished

Notes
Turn   | Place    | Note
-------+----------+-------------------------------------------
     0 | D:1      | esteth the Minotaur Gladiator began the quest for the Orb.
     0 | D:1      | Reached XP level 1. HP: 18/18 MP: 0/0
   286 | D:1      | Reached XP level 2. HP: 25/25 MP: 1/1
   293 | D:1      | Found a shattered altar of Ashenzari.
   404 | D:1      | Became a worshipper of Ashenzari the Shackled
   577 | D:1      | You fall through a shaft!
   678 | D:2      | Reached XP level 3. HP: 27/30 MP: 2/2
  1198 | D:2      | Found a shimmering altar of Xom.
  1743 | D:1      | Reached XP level 4. HP: 37/37 MP: 3/3
  2026 | D:3      | HP: 1/37 [poisoned by an adder]
  2549 | D:3      | Reached skill level 5 in Long Blades
  2624 | D:3      | Reached * piety under Ashenzari
  2867 | D:3      | Reached skill level 5 in Dodging
  3000 | D:3      | Reached XP level 5. HP: 10/42 MP: 4/4
  3819 | D:4      | Noticed an ogre
  4002 | D:4      | Found a staircase to the Ecumenical Temple.
  4080 | D:4      | Reached XP level 6. HP: 50/50 MP: 5/5
  4562 | D:5      | Entered Level 5 of the Dungeon
  4598 | D:5      | Noticed Prince Ribbit
  4616 | D:5      | Found Eghud's Armour Emporium.
  4624 | D:5      | Identified the Papyrus of Freezing Shape Shifting
  4631 | D:5      | Reached XP level 7. HP: 45/56 MP: 6/6
  4653 | D:5      | Killed Prince Ribbit
  4729 | D:5      | Reached skill level 10 in Long Blades
  5442 | D:5      | Reached XP level 8. HP: 62/62 MP: 7/7
  5774 | D:6      | Noticed Edmund
  5802 | D:6      | Killed Edmund
  6294 | D:6      | Noticed SeriousVitamin's ghost (novice NaTm)
  6311 | D:6      | Killed SeriousVitamin's ghost
  6452 | D:6      | Reached XP level 9. HP: 65/68 MP: 8/8
  6488 | D:6      | Found a shattered altar of Ashenzari.
  6496 | D:6      | Noticed Menkaure
  6503 | D:6      | Killed Menkaure
  6705 | D:6      | Found a sparkling altar of Nemelex Xobeh.
  6708 | D:6      | Found a deep blue altar of Sif Muna.
  6881 | D:6      | Found a bloodstained altar of Trog.
  7050 | D:6      | Reached ** piety under Ashenzari
  7198 | D:6      | Reached skill level 5 in Throwing
  7453 | D:7      | Got the spear "Jellybane" {vamp, MR+ SInv}
  7455 | D:7      | Identified the +8 spear "Jellybane" {vamp, MR+ SInv} (You found it on level 7 of the Dungeon)
  7477 | D:7      | Reached skill level 1 in Polearms
  7581 | D:7      | Reached skill level 5 in Polearms
  8305 | D:7      | Found a white marble altar of Elyvilon.
  8390 | D:8      | Found a deep blue altar of Sif Muna.
  8451 | D:8      | Identified the +1 leather armour "Lugofe" {MP+9 SInv}
  8638 | D:8      | Noticed a troll
  8804 | D:8      | Reached XP level 10. HP: 74/74 MP: 9/9
  9308 | D:9      | Found a shimmering altar of Xom.
  9405 | D:9      | Identified the amulet "Estual" {Spirit MP-9 Int+5}
  9545 | D:9      | Reached skill level 10 in Polearms
  9953 | D:9      | HP: 2/74 [vampire (7)]
  9955 | D:9      | Slain by a vampire

Skill      XL: |  1  2  3  4  5  6  7  8  9 10 |
---------------+-------------------------------+-----
Long Blades    | 4 5 6 8 10 | 10.7
Dodging        | 4 5 9 |  9.3
Throwing       | 5 |  5.1
Polearms       | 8 10 | 10.2
Fighting       | |  2.4

Action                   |  1- 3 |  4- 6 |  7- 9 | 10-12 || total
-------------------------+-------+-------+-------+-------++-------
Melee: Long sword        |    70 |    82 |       |       ||   152
       Headbutt          |    13 |    24 |    45 |    19 ||   101
       Falchion          |       |    30 |   158 |       ||   188
       Spear             |       |       |   127 |   152 ||   279
Invok: Curse Item        |       |       |       |     4 ||     4
  Use: Scroll            |     4 |     4 |     2 |     3 ||    13
       Potion            |       |     3 |     1 |     1 ||     5
 Stab: Sleeping          |     3 |     4 |    13 |     6 ||    26
       Distracted        |       |       |     2 |     1 ||     3
  Eat: Chunk             |     1 |     6 |     1 |     2 ||    10
       Bread ration      |     1 |       |     3 |       ||     4
       Meat ration       |       |       |     1 |       ||     1
       Pizza             |       |       |     1 |       ||     1
Armor: Leather armour    |    18 |    11 |    25 |     3 ||    57
Dodge: Dodged            |    51 |    69 |   152 |    40 ||   312
       Rpst.: Long sword |    12 |    11 |       |       ||    23
       Falchion          |       |     6 |    20 |       ||    26
